 Dungeon Crawl Stone Soup version 0.29.0-7-g18a832c13a (webtiles) character file.

Game seed: 15157314246239744626

11895 SensoryNuts the Cleaver (level 11, -9/82 HPs)
             Began as a Demonspawn Fighter on Aug 30, 2022.
             Mangled by Gastronok (26 damage)
             ... on level 1 of the Lair of Beasts.
             The game lasted 00:21:25 (15935 turns).

SensoryNuts the Cleaver (Demonspawn Fighter)       Turns: 15935, Time: 00:21:26

Health: -9/82      AC: 31    Str: 20    XL:     11   Next: 55%
Magic:  11/11      EV:  3    Int: 12    God:
Gold:   349        SH: 22    Dex: 22    Spells: 10/10 levels left

rFire   + + .      SeeInvis .   a - +0 war axe
rCold   . . .      Faith    .   t - +5 kite shield of Sottuibb {+Blink rPois Dex+4}
rNeg    . . .      Spirit   .   g - +8 crystal plate armour of Shielding {Int+2 Stlth+}
rPois   +          Reflect  +   (helmet restricted)
rElec   .          Harm     .   (no cloak)
rCorr   +          Rampage  .   l - +0 pair of gloves
Will    .....      Clarity  +   o - +0 pair of boots
Stlth   ..........              r - amulet of reflection
HPRegen 0.23/turn               C - ring of Gestrof {rF++ Will- rCorr Dex+5}
MPRegen 0.12/turn               (no ring)

@: slowed, unable to drink, very slow
A: antennae 1, icy blue scales 2, demonic guardian 1, clarity, inability to
drink after injury 2, devolution 1
a: Evoke Blink


You were on level 1 of the Lair of Beasts.
You visited 3 branches of the dungeon, and saw 14 of its levels.

You collected 958 gold pieces.
You spent 609 gold pieces at shops.

Inventory:

Hand Weapons
 a - a +0 war axe (weapon)
 k - a +0 spear of flaming
Armour
 g - the +8 crystal plate armour of Shielding (worn) {Int+2 Stlth+}
   (You acquired it on level 7 of the Dungeon)

   Int:       It affects your intelligence (+2).
   Stlth:     It makes you more stealthy.
 l - a +0 pair of gloves (worn)
 o - a +0 pair of boots (worn)
 t - the +5 kite shield of Sottuibb (worn) {+Blink rPois Dex+4}
   (You found it on level 5 of the Dungeon)

   Dex:       It affects your dexterity (+4).
   rPois:     It protects you from poison.
   +Blink:    It lets you blink.
Jewellery
 e - an amulet of the acrobat
 q - a ring of ice
 r - an amulet of reflection (around neck)
 A - a ring of magical power
 C - the ring of Gestrof (left hand) {rF++ Will- rCorr Dex+5}
   (You bought it in a shop on level 6 of the Dungeon)

   [ring of resist corrosion]

   Dex:       It affects your dexterity (+5).
   rF:        It greatly protects you from fire.
   rCorr:     It protects you from acid and corrosion.
   Will:      It decreases your willpower.
Wands
 d - a wand of flame (30) (quivered)
 s - a wand of paralysis (26)
 v - a wand of mindburst (30)
 y - a wand of polymorph (7)
 D - a wand of roots (10)
Scrolls
 i - 2 scrolls of teleportation
 j - a scroll of amnesia
 m - 3 scrolls of noise
 p - 2 scrolls of enchant weapon
 w - 2 scrolls of enchant armour
 E - a scroll of fear
 G - a scroll of butterflies
Potions
 f - 2 potions of heal wounds
 h - 4 potions of curing
 n - a potion of flight
 u - a potion of haste
 x - 4 potions of attraction
 z - 2 potions of mutation
 F - a potion of resistance


   Skills:
 + Level 6.3 Fighting
 * Level 12.3 Axes
 + Level 6.6 Armour
 + Level 3.1 Dodging
 + Level 1.2 Stealth
 + Level 8.5 Shields
 + Level 0.3 Evocations


You had 10 spell levels left.
You didn't know any spells.
Your spell library contained the following spells:

 Spells                   Type           Power      Damage    Failure   Level
 Apportation              Tloc           0%         N/A       100%        1
 Necrotise                Necr           0%         1d4       100%        1
 Slow                     Hex            0%         N/A       100%        1
 Summon Small Mammal      Summ           0%         N/A       100%        1
 Static Discharge         Conj/Air       0%         3-3/arc   100%        2
 Confusing Touch          Hex            0%         N/A       100%        3
 Portal Projectile        Hex/Tloc       0%         N/A       100%        3
 Tukima's Dance           Hex            0%         N/A       100%        3
 Vampiric Draining        Necr           0%         2d6       100%        3
 Dispel Undead            Necr           0%         3d6       100%        4
 Sticky Flame             Conj/Fire      0%         2d3       100%        4
 Blade Hands              Tmut           0%         N/A       100%        5
 Lightning Bolt           Conj/Air       0%         1d11      100%        5
 Maxwell's Capacitive Co  Air            0%         ∞         100%        8


Dungeon Overview and Level Annotations

Branches:
Dungeon (12/15)            Temple (1/1) D:4            Lair (1/5) D:8
    Orc: D:9-12

Altars:
Ashenzari
Cheibriados
Dithmenos
Fedhas
Gozag
Hepliaklqana
Kikubaaqudgha
Makhleb
Nemelex Xobeh
Okawaru
Qazlal
Ru
Sif Muna
Trog
Uskayaw
Vehumet
Wu Jian
Xom
Yredelemnul

Shops:
D:6 (!?=   D:10 [

Annotations:
D:3 exclusion: statue
Lair:1 Gastronok


Innate Abilities, Weirdness & Mutations

You have a pair of small antennae on your head.
You are mostly covered in icy blue scales. (AC +3)
A weak demonic guardian rushes to your aid.
You possess an exceptional clarity of mind.
You sometimes lose the ability to drink potions when taking damage.
You have hidden genetic defects.


Message History

You hit Gastronok but do no damage.
Gastronok is severely wounded.
A komodo dragon comes into view.
You hit Gastronok but do no damage.
Gastronok is severely wounded.
Gastronok bites you!!
You slash Gastronok!
Gastronok is severely wounded.
You hit Gastronok.
Gastronok is severely wounded.
Gastronok bites you but does no damage.
You hit Gastronok.
Gastronok is severely wounded.
You hit Gastronok.
Gastronok is severely wounded.
You block Gastronok's attack.
You hit Gastronok.
Gastronok is severely wounded.
You slash Gastronok!
Gastronok is almost dead.
You slash the komodo dragon!
The komodo dragon bites you but does no damage.
You block Gastronok's attack.
You hit Gastronok.
Gastronok is almost dead.
You barely miss the komodo dragon. The komodo dragon bites you!
You feel threatened and lose the ability to drink potions!
You slash Gastronok!
Gastronok is almost dead.
You hit the komodo dragon but do no damage.
You block the komodo dragon's attack.
Gastronok looks at you and mumbles some strange words.
You feel yourself slow down.
You hit Gastronok.
Gastronok is almost dead.
You barely miss the komodo dragon. You block the komodo dragon's attack.
The komodo dragon bites you!
* * * LOW HITPOINT WARNING * * *
Gastronok bites you!!
You die...

##
######.########.
................
................
......w@l.......
#.#############.


You could see Gastronok (swift) and a komodo dragon.

Vanquished Creatures
  Pikel (D:7)
  A cyclops (D:11)
  A manticore (D:11)
  Joseph (D:7)
  An unseen horror (D:11)
  2 gargoyles (D:11)
  2 komodo dragons
  5 trolls
  A hornet (D:9)
  Grinder (D:3)
  A wraith (D:11)
  3 yaks
  4 wyverns
  A shadow (D:10)
  3 steam dragons
  5 vampire mosquitoes
  The ghost of hgbash the Conjurer, an amateur OpCj (D:4)
  2 acid dragons (D:11)
  A water moccasin (D:6)
  2 orc warriors
  2 sky beasts (D:7)
  A swamp drake (D:8)
  An ice beast (D:6)
  2 black bears
  2 ogres
  3 centaurs
  3 lemures (D:7)
  2 phantoms (D:6)
  4 bullfrogs
  2 kobold brigands
  2 gnoll sergeants
  4 scorpions
  12 wights
  11 killer bees
  6 electric eels (D:10)
  2 howler monkeys
  A jelly (D:5)
  A hound (D:5)
  A gnoll bouda (D:8)
  4 orc priests
  3 iguanas
  8 orc wizards
  26 gnolls
  8 adders
  2 shadow imps (D:8)
  2 white imps
  2 ufetubi (D:6)
  17 orcs
  13 ball pythons
  3 bats
  5 endoplasms
  3 giant cockroaches
  10 goblins
  5 hobgoblins
  4 jackals (D:1)
  3 quokkas
  A frilled lizard (D:1)
  11 kobolds
  7 rats
238 creatures vanquished.

Vanquished Creatures (collateral kills)
  An ogre (D:5)
  3 killer bees (D:7)
  An adder (D:2)
  2 kobolds (D:9)
7 creatures vanquished.

Vanquished Creatures (others)
  A komodo dragon (D:8)
  A gnoll (D:7)
2 creatures vanquished.

Grand Total: 247 creatures vanquished

Notes
Turn   | Place    | Note
-------+----------+-------------------------------------------
     0 | D:1      | SensoryNuts the Demonspawn Fighter began the quest for the
                  | Orb.
     0 | D:1      | Reached XP level 1. HP: 18/18 MP: 1/1
   263 | D:1      | Gained mutation: You are partially covered in icy blue
                  | scales. (AC +2) [demonic ancestry]
   263 | D:1      | Reached XP level 2. HP: 5/18 MP: 2/2
   641 | D:1      | Reached skill level 2 in Axes
  1267 | D:2      | Gained mutation: A weak demonic guardian rushes to your
                  | aid. [demonic ancestry]
  1267 | D:2      | Reached XP level 3. HP: 25/25 MP: 3/3
  1873 | D:3      | Found a basalt altar of Yredelemnul.
  1954 | D:3      | Noticed Grinder
  1965 | D:3      | Paralysed by Grinder for 3 turns
  1983 | D:3      | Killed Grinder
  1984 | D:3      | Reached skill level 4 in Axes
  1984 | D:3      | Reached XP level 4. HP: 15/37 MP: 4/4
  1984 | D:3      | Reached XP level 5. HP: 17/42 MP: 5/5
  2280 | D:3      | Found a blossoming altar of Fedhas.
  2362 | D:3      | Found a radiant altar of Vehumet.
  2362 | D:3      | Noticed a charred statue
  2913 | D:4      | Reached XP level 6. HP: 48/48 MP: 6/6
  3113 | D:4      | Found a staircase to the Ecumenical Temple.
  3133 | Temple   | Entered the Ecumenical Temple
  3544 | D:4      | Found a runed translucent gate.
  3544 | D:4      | Found a runed translucent gate.
  3544 | D:4      | Found a runed translucent gate.
  3544 | D:4      | Noticed hgbash's ghost (amateur OpCj)
  3588 | D:4      | Reached skill level 5 in Axes
  3659 | D:4      | Noticed an orc warrior
  3676 | D:4      | Gained mutation: You have sharp fingernails. [potion of
                  | mutation]
  3676 | D:4      | Gained mutation: You are somewhat resistant to further
                  | mutation. [potion of mutation]
  3676 | D:4      | Gained mutation: You are clumsy. (Dex -2) [potion of
                  | mutation]
  3692 | D:4      | Killed an orc warrior
  3693 | D:4      | Reached XP level 7. HP: 54/54 MP: 7/7
  4039 | D:4      | Killed hgbash's ghost
  4040 | D:4      | Reached skill level 6 in Axes
  4040 | D:4      | Reached skill level 1 in Dodging
  4083 | D:5      | Entered Level 5 of the Dungeon
  4227 | D:5      | Reached XP level 8. HP: 38/60 MP: 8/8
  4235 | D:5      | Reached skill level 7 in Axes
  4618 | D:5      | Found a hazy altar of Hepliaklqana.
  4735 | D:5      | Identified the +5 kite shield of Sottuibb {+Blink rPois
                  | Dex+4}
  4933 | D:5      | Found a hide-covered altar of Uskayaw.
  4933 | D:5      | Noticed a +0 dagger
  4933 | D:5      | Noticed a +0 dagger
  4933 | D:5      | Noticed a +0 falchion
  4934 | D:5      | Noticed a +0 spear
  4935 | D:5      | Noticed a +0 falchion
  4935 | D:5      | Noticed a +0 spear
  4936 | D:5      | Noticed a +0 short sword
  4936 | D:5      | Noticed a +0 short sword
  5289 | D:6      | Reached skill level 8 in Axes
  5706 | D:6      | Found Jiunaasa's Weapon Emporium.
  5709 | D:6      | Found Cotoumm's Distillery.
  5709 | D:6      | Found Upexzie's Magic Scroll Emporium.
  5714 | D:6      | Found Aloil's Jewellery Emporium.
  5879 | D:6      | Gained mutation: You are mostly covered in icy blue scales.
                  | (AC +3) [demonic ancestry]
  5879 | D:6      | Reached XP level 9. HP: 63/66 MP: 9/9
  5917 | D:6      | Lost mutation: You have sharp fingernails. [potion of
                  | mutation]
  5917 | D:6      | Lost mutation: You are somewhat resistant to further
                  | mutation. [potion of mutation]
  5917 | D:6      | Lost mutation: You are clumsy. (Dex -2) [potion of
                  | mutation]
  5917 | D:6      | Gained mutation: You occasionally lose the ability to drink
                  | potions when taking damage. [potion of mutation]
  5917 | D:6      | Gained mutation: You passively dampen the noise of your
                  | surroundings. [potion of mutation]
  5917 | D:6      | Gained mutation: Your magical capacity is low. (-10% MP)
                  | [potion of mutation]
  5917 | D:6      | Gained mutation: You have large cloven feet. [potion of
                  | mutation]
  5918 | D:6      | Lost mutation: You passively dampen the noise of your
                  | surroundings. [potion of mutation]
  5918 | D:6      | Lost mutation: Your magical capacity is low. (-10% MP)
                  | [potion of mutation]
  5918 | D:6      | Gained mutation: Your mind is acute. (Int +4, Str/Dex -1)
                  | [potion of mutation]
  5918 | D:6      | Gained mutation: You possess an exceptional clarity of
                  | mind. [potion of mutation]
  5918 | D:6      | Gained mutation: You are robust. (+10% HP) [potion of
                  | mutation]
  5919 | D:6      | Lost mutation: You are robust. (+10% HP) [potion of
                  | mutation]
  5919 | D:6      | Lost mutation: You have large cloven feet. [potion of
                  | mutation]
  5919 | D:6      | Lost mutation: You possess an exceptional clarity of mind.
                  | [potion of mutation]
  5919 | D:6      | Gained mutation: Your body sometimes deteriorates upon
                  | taking damage. [potion of mutation]
  5919 | D:6      | Gained mutation: You are strong-willed. (Will+) [potion of
                  | mutation]
  5919 | D:6      | Gained mutation: You possess an exceptional clarity of
                  | mind. [potion of mutation]
  6663 | D:6      | Reached skill level 5 in Armour
  6905 | D:7      | Reached skill level 9 in Axes
  6905 | D:7      | Reached skill level 5 in Shields
  7177 | D:7      | Noticed Joseph
  7382 | D:7      | Killed Joseph
  7383 | D:7      | Reached skill level 5 in Fighting
  8234 | D:7      | Noticed Pikel
  8260 | D:7      | Killed Pikel
  8261 | D:7      | Reached skill level 10 in Axes
  8261 | D:7      | Gained mutation: You have a pair of small antennae on your
                  | head. [demonic ancestry]
  8261 | D:7      | Reached XP level 10. HP: 47/74 MP: 10/10
  8631 | D:7      | Identified a scroll of acquirement
  8631 | D:7      | Acquired the +8 crystal plate armour of Shielding {Int+2
                  | Stlth+}
  9277 | D:8      | Found an ornate altar of the Wu Jian Council.
  9767 | D:8      | Reached skill level 1 in Stealth
  9994 | D:8      | Found a staircase to the Lair.
 10027 | D:8      | Reached skill level 11 in Axes
 10342 | D:6      | Bought the ring of Gestrof {rF++ Will- rCorr Dex+5} for 609
                  | gold pieces
 10375 | D:9      | Found a sacrificial altar of Ru.
 11349 | D:9      | Found an ancient bone altar of Kikubaaqudgha.
 11464 | D:10     | Entered Level 10 of the Dungeon
 11611 | D:10     | Found Dutori's Antique Armour Shop.
 11983 | D:10     | Reached XP level 11. HP: 56/81 MP: 11/11
 13199 | D:10     | Lost mutation: Your mind is acute. (Int +4, Str/Dex -1)
                  | [potion of mutation]
 13199 | D:10     | Lost mutation: Your body sometimes deteriorates upon taking
                  | damage. [potion of mutation]
 13199 | D:10     | Lost mutation: You are strong-willed. (Will+) [potion of
                  | mutation]
 13199 | D:10     | Gained mutation: You have hidden genetic defects. [potion
                  | of mutation]
 13608 | D:11     | Noticed a boulder beetle
 14240 | D:11     | Reached skill level 12 in Axes
 14265 | D:11     | Gained mutation: You sometimes lose the ability to drink
                  | potions when taking damage. [hidden defects]
 14826 | D:11     | Noticed a boulder beetle
 15888 | Lair:1   | Entered Level 1 of the Lair of Beasts
 15888 | Lair:1   | Noticed Gastronok
 15935 | Lair:1   | Mangled by Gastronok

Illustrated notes

Levels and vault maps discovered:
D:1:      minmay_arrival_split_and_join, layout_basic
D:2:      layout_rooms
D:3:      layout_basic, fedhas_altar_fruit_tree,
          mainiacjoe_overflow_cross_hatched, vehumet_statue, uniq_grinder
D:4:      layout_basic, minmay_temple_entry_slanted, gammafunk_ghost_split,
          guppyfry_early_orc_mine
D:5:      layout_basic, elyvilon_altar_5, worldfamousw_hep_ancestral_shrine,
          nicolae_uskayaw_en_pointe
D:6:      layout_cave_pods, chequers_jeans, minmay_shop_grid_forest
D:7:      layout_rooms, uniq_joseph, uniq_pikel
D:8:      layout_basic, amcnicky_altar_gilded, erik_lair_dragon, enter_bailey_5
D:9:      layout_cave_pools, nicolae_ru_sacrificial_ziggurat,
          general_overflow_altar, minivault_27
D:10:     layout_basic, serial_shops, nicolae_shop_statue_plus,
          hangedman_decor_peaks_small
D:11:     layout_basic, grunt_decor_arrowhead, minmay_alternating_orb
D:12:     layout_basic, zombieorc2_lemuel, special_room [special_room_orc]
Temple:   nicolae_temple_figure_eight
Lair:1:   layout_hall_layers, lemuel_fruit_fields, uniq_prince_ribbit2,
          uniq_gastronok

Skill      XL: |  1  2  3  4  5  6  7  8  9 10 11 |
---------------+----------------------------------+-----
Axes           | 2 4 5 6 8 10 11 12 | 12.3
Shields        | 3 4 6 7 8 |  8.5
Armour         | 3 4 5 6 |  6.6
Fighting       | 4 5 6 |  6.3
Dodging        | 1 2 3 |  3.1
Stealth        | 1 |  1.2
Evocations     | |  0.3

Action                   |  1- 3 |  4- 6 |  7- 9 | 10-12 || total
-------------------------+-------+-------+-------+-------++-------
Melee: War axe           |    93 |    94 |   456 |   563 ||  1206
       Spear             |       |       |       |    12 ||    12
Evoke: Wand              |       |       |       |    11 ||    11
  Use: Potion            |     3 |     5 |     4 |     5 ||    17
       Scroll            |     2 |       |     4 |    18 ||    24
 Stab: Confused          |       |       |       |     2 ||     2
Armor: Scale mail        |    43 |    46 |   149 |       ||   238
       Skin              |       |     6 |     8 |       ||    14
       Steam dragon scal |       |       |     9 |     5 ||    14
       Crystal plate arm |       |       |       |   391 ||   391
Dodge: Dodged            |    47 |    51 |   133 |    43 ||   274
Block: Buckler           |    26 |    40 |    58 |       ||   124
       Kite shield       |       |       |   482 |   804 ||  1286
       Reflection        |       |       |     7 |    24 ||    31
